 Seeded DCSS version 0.30-a0-1043-g60ff8d5f49 (webtiles) character file.

Game seed: 4051328755992105930 (custom seed)

216 Pimp the Trooper (level 5, -4/42 (47) HPs)
             Began as a Hill Orc Fighter on Apr 10, 2023.
             Slain by a wight
             ... wielding a +4 scimitar
              (5 damage)
             ... on level 4 of the Dungeon.
             The game lasted 00:03:52 (2450 turns).

Pimp the Trooper (Hill Orc Fighter)                 Turns: 2450, Time: 00:03:53

HP:   -4/42 (47)    AC: 15    Str: 19    XL:     5   Next: 93%
MP:   5/5           EV:  7    Int: 10    God:
Gold: 189           SH:  9    Dex: 10    Spells: 4/4 levels left

rFire   . . .      SeeInvis .    a - +1 war axe
rCold   . . .      Faith    .    c - +0 buckler
rNeg    . . .      Spirit   .    u - +0 chain mail
rPois   .          Reflect  +    w - +0 helmet
rElec   .          Rampage  .    m - +2 cloak
rCorr   .                        e - +0 pair of gloves
Will    .....                    (no boots) Stlth
                                 A - amulet of reflection
HPRegen 0.27/turn                (no ring)
MPRegen 0.09/turn                (no ring)

@: mighty, flying, heavily drained
A: no striking features
a: no special abilities


You were on level 4 of the Dungeon.
You visited 1 branch of the dungeon, and saw 4 of its levels.

You collected 189 gold pieces.

Inventory:

Hand Weapons
 a - a +1 war axe (weapon)
Armour
 b - a +0 scale mail
 c - a +0 buckler (worn)
 e - a +0 pair of gloves (worn)
 m - a +2 cloak (worn)
 q - the +0 toga "Victory" {*Victory Clar}
   (You found it on level 2 of the Dungeon)

   *Victory:  When the wearer kills a threatening monster, it has a chance to
   gain +1 AC, +1 Slay, and +1 Int, capping at +7.
   When the wearer uses a scroll or a potion with a hostile monster in sight,
   its bonuses reset to +0.
   Unequipping it also resets its bonuses to +0.
   Clar:      It protects you against confusion.
 u - a +0 chain mail (worn)
 w - a +0 helmet (worn)
Jewellery
 A - an amulet of reflection (around neck)
Scrolls
 j - a scroll of identify {unknown}
 k - a scroll of enchant armour {unknown}
 l - a scroll of silence {unknown}
 p - a scroll of immolation {unknown}
 s - a scroll of poison {unknown}
 v - a scroll of magic mapping {unknown}
 y - a scroll of blinking {unknown}
Potions
 f - a potion of degeneration {unknown}
 h - 2 potions of heal wounds {unknown}
 n - 3 potions of haste {unknown}
 o - 2 potions of flight
 r - a potion of ambrosia {unknown}
 t - a potion of berserk rage {unknown}
 x - a potion of mutation {unknown}
 z - a potion of magic {unknown}


   Skills:
 + Level 4.9 Fighting
 + Level 4.5 Axes
 + Level 4.4 Armour
 + Level 4.5 Shields


You had 4 spell levels left.
You didn't know any spells.
Your spell library was empty.

Dungeon Overview and Level Annotations

Branches:
Dungeon (4/15)
 Temple: D:4-7

Altars:


Message History

The wight hits you from afar with a +0 halberd.
You finish putting on your amulet of reflection.
You feel a shielding aura gather around you.
A - an amulet of reflection (around neck)
The wight attacks as you move away! You block the wight's attack.
The wight attacks as you move away! The wight hits you with a +4 scimitar.
You feel drained. The wight attacks as you move away!
The wight barely misses you.
You hit the wight but do no damage. The wight barely misses you.
You block the wight's attack.
Okay, then.
Okay, then.
You feel very mighty all of a sudden. The wight hits you but does no damage.
The wight hits you from afar with a +0 halberd.
You hit the wight.
The wight is lightly damaged.
The wight barely misses you. The wight hits you with a +4 scimitar.
You feel drained.
You hit the wight.
The wight is moderately damaged.
You block the wight's attack. The wight barely misses you.
You block the wight's attack. The wight hits you with a +4 scimitar.
* * * LOW HITPOINT WARNING * * *
You feel drained.
* * * LOW HITPOINT WARNING * * *
As you read the scroll labelled MIEPTOXKYPN, it crumbles to dust.
It is a scroll of enchant weapon.
Your +0 war axe glows red for a moment.
You block the wight's attack. x2
As you read the scroll labelled BIAWNA KIZECZATO, it crumbles to dust.
It is a scroll of amnesia.
You feel forgetful for a moment. The wight hits you with a +4 scimitar!
* * * LOW HITPOINT WARNING * * *
You block the wight's attack.
Okay, then.
It was a potion of flight.
You feel very buoyant.
You fly up into the air.
The wight closely misses you. The wight hits you with a +4 scimitar.
You die...

#.# #........##.###...
#.######.####.#...z......
#........# #.#..#.###...
#.######## #.#..#z# #.#
#.#....# #.# #.z#.#.# #.#
##z#.#.# #.# #### #z#.#.#
#.. ..# #@#.#.[ #.# #.#
#.#.#.# # #.####.###
#.#.#.##
###.#......#####.#....#
........<........# #..#
......##(#.####### #..#
.##.####.#.#
#..########## .##.#
#.#.#########..#.........
.##.#
#..............).########


You could see 3 wights.

Vanquished Creatures
  A hound (D:4)
  A sleepcap (D:4)
  8 adders
  2 dart slugs (D:1)
  2 orcs
  3 ball pythons
  5 bats
  8 endoplasms
  5 giant cockroaches
  9 goblins
  5 hobgoblins
  7 jackals (D:1)
  7 kobolds
  7 quokkas
  3 frilled lizards
  4 rats (D:1)
77 creatures vanquished.

Notes
Turn   | Place    | Note
-------+----------+-------------------------------------------
     0 | D:1      | Pimp the Hill Orc Fighter began the quest for the Orb.
     0 | D:1      | Reached XP level 1. HP: 19/19 MP: 1/1
    24 | D:1      | Reached XP level 2. HP: 19/27 MP: 2/2
   208 | D:1      | Reached XP level 3. HP: 28/33 MP: 3/3
   657 | D:2      | Found the +0 toga "Victory" {*Victory Clar}
   701 | D:2      | Reached XP level 4. HP: 40/40 MP: 4/4
  1321 | D:3      | Reached XP level 5. HP: 31/47 MP: 5/5
  2430 | D:4      | Identified a scroll of acquirement
  2430 | D:4      | Acquired an amulet of reflection
  2449 | D:4      | HP: 1/42 [wight/+4 scimitar (8)]
  2450 | D:4      | Slain by a wight

Illustrated notes

Levels and vault maps discovered:
D:1:      evilmike_arrival_crescent, layout_basic, minmay_misc_feat_columns
D:2:      layout_rooms
D:3:      layout_loops_ring, chequers_serial_rivers_micro_b
D:4:      layout_loops_ring, nicolae_specific_store

Skill      XL: |  1  2  3  4 |
---------------+-------------+-----
Axes           | 3 4 |  4.5
Fighting       | 4 |  4.9
Shields        | 4 |  4.5
Armour         | 4 |  4.4

Action                     |  1- 3 |  4- 6 || total
---------------------------+-------+-------++-------
  Melee: War axe           |    92 |   120 ||   212
    Use: Scroll            |       |     3 ||     3
         Potion            |       |     2 ||     2
 Armour: Scale mail        |    69 |    42 ||   111
         Chain mail        |       |    21 ||    21
  Dodge: Dodged            |    60 |    70 ||   130
  Block: Buckler           |    26 |    33 ||    59

Table legend: (Time is in decaauts)
 A = Elapsed time spent in this place.
 B = Non-inter-level travel time spent in this place.
 C = Inter-level travel time spent in this place.
 D = Time resting spent in this place.
 E = Time spent auto-exploring this place.
 F = Levels seen in this place.
 G = Mean time per level.
                   A        B        C        D        E       F      G
               +--------+--------+--------+--------+--------+-----+--------+
         Total |   2527 |   2426 |    101 |      4 |   1806 |   4 |  631.8 |
       Dungeon |   2527 |   2426 |    101 |      4 |   1806 |   4 |  631.8 |
               +--------+--------+--------+--------+--------+-----+--------+

Top non-repeatable levels by time:
     D:3: 896 daAuts
     D:2: 621 daAuts
     D:1: 585 daAuts
     D:4: 423 daAuts
